 Dungeon Crawl Stone Soup version 0.29-a0-822-ga620ab95ad (webtiles) character file.

Game seed: 16526149676101184670

971 Querens the Covered (level 8, -11/64 (70) HPs)
             Began as a Meteoran Fighter on July 8, 2022.
             Mangled by a wight
             ... wielding a +3 great sword
              (15 damage)
             ... on level 6 of the Dungeon.
             The game lasted 00:09:29 (2730 turns).

Querens the Covered (Meteoran Fighter)              Turns: 2730, Time: 00:09:30

HP:   -11/64 (70)   AC: 10    Str: 19    XL:     8   Next: 66%
MP:   9/9           EV:  7    Int: 10    God:
Gold: 406           SH: 10    Dex: 14    Spells: 7/7 levels left

rFire   . . .      SeeInvis .   a - +0 war axe
rCold   . . .      Faith    .   c - +0 buckler
rNeg    . . .      Spirit   .   w - +0 chain mail
rPois   .          Reflect  +   (no helmet)
rElec   .          Harm     .   (no cloak)
rCorr   .          Rampage  .   (no gloves)
Will    +....                   (no boots)
Stlth   ..........              v - amulet of reflection
HPRegen 0.20/turn               (no ring)
MPRegen 0.11/turn               (no ring)

@: glowing, drained
A: sense surroundings 1, otherworldly, glowing, explore regen
a: no special abilities


You were on level 6 of the Dungeon.
You visited 2 branches of the dungeon, and saw 7 of its levels.

You collected 406 gold pieces.

Inventory:

Hand Weapons
 a - a +0 war axe (weapon)
 x - the +5 quarterstaff of Misery {vorpal, Fly Dex+5 SInv Stlth-}
   (You found it on level 5 of the Dungeon)

   It inflicts extra damage upon your enemies.
   Dex:       It affects your dexterity (+5).
   SInv:      It lets you see invisible.
   Fly:       It grants you flight.
   Stlth:     It makes you less stealthy.
Missiles
 u - 6 curare-tipped darts (quivered)
Armour
 c - a +0 buckler (worn)
 w - a +0 chain mail (worn)
Jewellery
 v - an amulet of reflection (around neck)
Wands
 d - a wand of flame (5)
Scrolls
 b - a scroll of silence {unknown}
 e - a scroll of summoning {unknown}
 f - 2 scrolls of poison {unknown}
 g - 3 scrolls of teleportation
 h - 2 scrolls of enchant armour {unknown}
 i - a scroll of fear {unknown}
 l - 2 scrolls of acquirement {unknown}
 n - a scroll of amnesia {unknown}
 o - a scroll of fog {unknown}
 s - 2 scrolls of blinking {unknown}
Potions
 j - a potion of attraction
 k - 2 potions of mutation
 p - a potion of flight
 q - 2 potions of degeneration


   Skills:
 + Level 6.0 Fighting
 + Level 5.9 Axes
 + Level 6.5 Armour
 + Level 6.5 Shields


You had 7 spell levels left.
You didn't know any spells.
Your spell library contained the following spells:

 Spells                   Type           Power      Damage    Failure   Level
 Summon Small Mammal      Summ           0%         N/A       99%         1
 Call Canine Familiar     Summ           0%         N/A       100%        3
 Portal Projectile        Hex/Tloc       0%         N/A       100%        3
 Summon Guardian Golem    Hex/Summ       0%         N/A       100%        3
 Tukima's Dance           Hex            0%         N/A       100%        3
 Blade Hands              Tmut           0%         N/A       100%        5


Dungeon Overview and Level Annotations

Branches:
Dungeon (6/15) Zot: 1085   Temple (1/1) D:5 Zot: 507

Altars:
Ashenzari
Cheibriados
Dithmenos
Elyvilon
Fedhas
Gozag
Hepliaklqana
Kikubaaqudgha
Nemelex Xobeh
Qazlal
Ru
Sif Muna
Xom
Yredelemnul
The Shining One

Shops:
D:6 !!


Innate Abilities, Weirdness & Mutations

You passively map a small area around you.
You are easily found by Zot.
You glow in the dark.
You regain HP and MP as you explore.


Message History

You hit the wight.
The wight is lightly damaged.
You closely miss the wight.
The wight hits you with a +0 long sword.
You block the wight's attack. The wight hits you but does no damage.
Unknown command.
Unknown command.
You hit the wight.
The wight is moderately damaged.
You barely miss the wight.
Unknown command.
You closely miss the wight. You hit the wight but do no damage.
The wight hits you with a +0 long sword.
The wight hits you with a +3 great sword!
* * * LOW HITPOINT WARNING * * *
The wight hits you from afar with a +0 spear.
* * * LOW HITPOINT WARNING * * *
You feel drained.
* * * LOW HITPOINT WARNING * * *
You feel better.
The wight hits you with a +0 long sword.
* * * LOW HITPOINT WARNING * * *
The wight barely misses you. You block the wight's attack.
It was a potion of cancellation.
Your magical effects are unravelling.
You feel magically purged.
You feel yourself slow down. The wight completely misses you.
The wight barely misses you. The wight hits you but does no damage.
You feel better. The wight hits you but does no damage.
You block the wight's attack. x2
You slash the wight!
The wight is heavily damaged.
You hit the wight.
The wight hits you with a +0 long sword!
* * * LOW HITPOINT WARNING * * *
You feel drained.
* * * LOW HITPOINT WARNING * * *
The wight hits you with a +3 great sword!
You die...

, .#.#......#
,..........# *
#.#......#
,#..#.#.# * ,
#..#.#.#** ,, ,
#. #.#.# ,* #,
#.#.# , # ,
#.####.####....
** * *
.#......@zz.∩...
,
........#z...###
.##########..# *
.# * * .. , ,, ,
## , + , ,* * ,


You could see 3 wights.

Vanquished Creatures
  An unseen horror (D:5)
  A water moccasin (D:5)
  2 phantoms
  2 wights (D:6)
  A jelly (D:5)
  3 hounds
  2 iguanas (D:5)
  An orc wizard (D:3)
  A gnoll (D:1)
  6 adders
  A white imp (D:5)
  2 dart slugs
  9 orcs
  7 bats
  7 endoplasms
  5 giant cockroaches
  3 goblins
  7 hobgoblins
  2 jackals (D:1)
  7 kobolds
  6 ball pythons
  6 frilled lizards
  4 rats
86 creatures vanquished.

Vanquished Creatures (others)
  2 demonic plants (D:1)
  4 fungi (D:4)
  A plant (D:1)
7 creatures vanquished.

Grand Total: 93 creatures vanquished

Notes
Turn   | Place    | Note
-------+----------+-------------------------------------------
     0 | D:1      | Querens the Meteoran Fighter began the quest for the Orb.
     0 | D:1      | Reached XP level 1. HP: 19/19 MP: 2/2
    43 | D:1      | Reached XP level 2. HP: 18/26 MP: 3/3
   134 | D:1      | Reached XP level 3. HP: 28/31 MP: 4/4
   286 | D:1      | You fall into a shaft and drop 1 floor!
   602 | D:1      | Reached XP level 4. HP: 40/40 MP: 5/5
   602 | D:1      | Found a faded altar of an unknown god.
  1059 | D:2      | Glimpsed the power of Zot.
  1107 | D:2      | Glimpsed the power of Zot.
  1147 | D:2      | Glimpsed the power of Zot.
  1157 | D:2      | Touched by the power of Zot.
  1184 | D:3      | Reached XP level 5. HP: 22/35 MP: 6/6
  1211 | D:3      | Found a broken altar of Ashenzari.
  2155 | D:5      | Entered Level 5 of the Dungeon
  2165 | D:5      | Reached XP level 6. HP: 38/47 MP: 7/7
  2217 | D:5      | Noticed a water moccasin
  2228 | D:5      | Killed a water moccasin
  2229 | D:5      | Reached skill level 5 in Armour
  2229 | D:5      | Reached skill level 5 in Shields
  2231 | D:5      | Found a white marble altar of Elyvilon.
  2245 | D:5      | Reached XP level 7. HP: 42/60 MP: 8/8
  2311 | D:5      | Reached skill level 5 in Fighting
  2347 | D:5      | Found a staircase to the Ecumenical Temple.
  2353 | Temple   | Entered the Ecumenical Temple
  2512 | D:5      | Identified the +5 quarterstaff of Misery {vorpal, Fly Dex+5
                  | SInv Stlth-}
  2557 | D:5      | Found a glowing golden altar of the Shining One.
  2595 | D:5      | Noticed an unseen horror
  2612 | D:5      | Killed an unseen horror
  2613 | D:5      | Reached skill level 5 in Axes
  2613 | D:5      | Reached XP level 8. HP: 36/69 MP: 9/9
  2640 | D:6      | Found Ytahaemuko's Distillery.
  2701 | D:6      | Found Qiehuuso's Distillery.
  2730 | D:6      | Mangled by a wight

Illustrated notes

Levels and vault maps discovered:
D:1:      lightli_arrival_maybe_door_vault, layout_basic,
          shapermc_ecumenical_altar_gd, hangedman_decor_push
D:2:      layout_basic
D:3:      layout_loops_corners, nicolae_ashenzari_panopticon, minivault_4
D:4:      layout_rooms, serial_aquarium, aquarium_bridge_straight
          [aquarium_subvault_bridge, aquarium_subvault_wall,
          aquarium_subvault_bridge, aquarium_subvault_wall],
          aquarium_window_fake, aquarium_window_fake, aquarium_window_fake,
          aquarium_window_corner, aquarium_view_2d, aquarium_view_2e,
          aquarium_balcony_3a, aquarium_pool_side
D:5:      layout_rooms, lemuel_crystal_altar, general_overflow_altar,
          minmay_temple_entry_fiery
D:6:      layout_basic, pdpol_wu_jian_five_deadly_venoms, serial_shops,
          nicolae_shop_stone, nicolae_shop_crystal, nicolae_square_shop,
          shop_statue, shop
Temple:   hc_temple_tempest_star

Skill      XL: |  1  2  3  4  5  6  7  8 |
---------------+-------------------------+-----
Armour         | 4 5 6 |  6.5
Shields        | 4 5 6 |  6.5
Axes           | 3 4 5 |  5.9
Fighting       | 4 5 6 |  6.0

Action                   |  1- 3 |  4- 6 |  7- 9 || total
-------------------------+-------+-------+-------++-------
Melee: War axe           |    65 |   145 |    58 ||   268
       Quarterstaff      |       |       |     8 ||     8
  Use: Scroll            |       |     7 |       ||     7
       Potion            |       |     3 |     4 ||     7
Armor: Scale mail        |    41 |    56 |       ||    97
       Chain mail        |       |    44 |    40 ||    84
Dodge: Dodged            |    27 |    46 |    22 ||    95
Block: Buckler           |    14 |    46 |    47 ||   107
       Reflection        |       |     1 |       ||     1
       Other             |       |       |     4 ||     4

Table legend: (Time is in decaauts)
 A = Elapsed time spent in this place.
 B = Non-inter-level travel time spent in this place.
 C = Inter-level travel time spent in this place.
 D = Time resting spent in this place.
 E = Time spent auto-exploring this place.
 F = Levels seen in this place.
 G = Mean time per level.
                   A        B        C        D        E       F      G
               +--------+--------+--------+--------+--------+-----+--------+
         Total |   2806 |   2582 |    224 |      0 |      0 |   7 |  400.9 |
       Dungeon |   2713 |   2500 |    213 |      0 |      0 |   6 |  452.2 |
        Temple |     92 |     81 |     11 |      0 |      0 |   1 |   92.0 |
               +--------+--------+--------+--------+--------+-----+--------+

Top non-repeatable levels by time:
     D:2: 635 daAuts
     D:3: 617 daAuts
     D:1: 579 daAuts
     D:4: 385 daAuts
     D:5: 385 daAuts
     D:6: 109 daAuts
  Temple: 92 daAuts
